 Dungeon Crawl Stone Soup version 0.26-a0-708-g17f3b190f9 (webtiles) character file.

Game seed: 17083621504444707789

53 Peloso the Shield-Bearer (level 3, 0/33 HPs)
             Began as a Minotaur Fighter on Oct 29, 2020.
             Slain by Crazy Yiuf
             ... wielding a +2 quarterstaff of chaos
              (4 damage)
             ... on level 2 of the Dungeon.
             The game lasted 00:03:04 (1358 turns).

Peloso the Shield-Bearer (Minotaur Fighter)         Turns: 1358, Time: 00:03:04

Health: 0/33       AC:  9    Str: 20    XL:     3   Next: 64%
Magic:  2/2        EV:  5    Int:  5    God:
Gold:   78         SH:  9    Dex: 10    Spells: 2/2 levels left

rFire    . . .     SeeInvis .   a - +0 long sword
rCold    + . .     Faith    .   c - +0 kite shield
rNeg     + . .     Spirit   .   u - +0 chain mail
rPois    .         Reflect  .   (helmet restricted)
rElec    .         Harm     .   (no cloak)
rCorr    .         Rampage  .   (no gloves)
MR       .....                  (no boots)
Stlth    ..........             (no amulet)
HPRegen  0.11/turn              k - ring of positive energy
MPRegen  0.08/turn              s - ring of protection from cold

@: slowed, lightly drained, very slow
A: retaliatory headbutt, horns 2
a: no special abilities


You were on level 2 of the Dungeon.
You visited 1 branch of the dungeon, and saw 2 of its levels.

You collected 78 gold pieces.

Inventory:

Hand Weapons
 a - a +0 long sword (weapon)
 b - a +2 broad axe of electrocution
Armour
 c - a +0 kite shield (worn)
 m - a +0 scale mail
 u - a +0 chain mail (worn)
Jewellery
 k - a ring of positive energy (left hand)
 s - a ring of protection from cold (right hand)
Scrolls
 f - a scroll of teleportation {unknown}
 g - a scroll of blinking {unknown}
 i - 2 scrolls of fog {unknown}
 j - a scroll of fear {unknown}
 l - 4 scrolls of identify {unknown}
 o - a scroll of noise {unknown}
 p - a scroll of amnesia {unknown}
 q - 2 scrolls of immolation {unknown}
 t - a scroll of remove curse {unknown}
 v - 2 scrolls of enchant armour {unknown}
Potions
 d - a potion of might
 e - a potion of curing {unknown}
 h - a potion of mutation {unknown}
 n - a potion of cancellation {unknown}
 r - a potion of stabbing {unknown}


   Skills:
 + Level 4.0(3.6) Fighting
 + Level 3.4(3.1) Long Blades
 + Level 4.1(3.8) Armour
 + Level 0.4(0.1) Dodging
 + Level 4.2(3.8) Shields


You had 2 spell levels left.
You didn't know any spells.
Your spell library was empty.

Dungeon Overview and Level Annotations

Branches:
Dungeon (2/15)

Altars:

Annotations:
D:2 Crazy Yiuf


Innate Abilities, Weirdness & Mutations

You reflexively headbutt those who attack you in melee.
You have a pair of horns on your head.


Message History

You closely miss Crazy Yiuf. Your headbutt misses Crazy Yiuf.
Crazy Yiuf is moderately wounded.
You block Crazy Yiuf's attack. x2
You barely miss Crazy Yiuf.
Crazy Yiuf is moderately wounded.
Crazy Yiuf hits you but does no damage. You partially resist.
You feel drained. You block Crazy Yiuf's attack.
Unknown command.
You hit Crazy Yiuf. Your headbutt misses Crazy Yiuf.
Crazy Yiuf is heavily wounded.
Crazy Yiuf hits you with a +2 quarterstaff of chaos.
* * * LOW HITPOINT WARNING * * *
You partially resist.
You feel drained.
You hit Crazy Yiuf.
Crazy Yiuf is severely wounded.
Crazy Yiuf yells, "Mountain!"
You block Crazy Yiuf's attack.
Crazy Yiuf yells, "Blight leg spinner!"
Crazy Yiuf hits you with a +2 quarterstaff of chaos.
You die...

...............##....#
...######.#######....####
....#####.# #.......#
).......### #########
..##.##.# ..##...##
..####.###♣♣ ### ..#
##.....♣♣ ♣♣#..)# ..#
#.......♣♣♣♣@g...# .##
#........♣..♣#...# ##
#.......♣.♣♣♣ ### #
#...##♣♣♣♣♣ #...# #...#
#####


You could see Crazy Yiuf.

Vanquished Creatures
  An ooze (D:1)
  2 worms (D:2)
  A leopard gecko (D:1)
  A giant cockroach (D:2)
  4 goblins (D:1)
  6 hobgoblins
  2 jackals (D:2)
  4 kobolds (D:1)
  A ball python (D:1)
  13 bats
  3 frilled lizards
  3 rats
41 creatures vanquished.

Notes
Turn   | Place    | Note
-------+----------+-------------------------------------------
     0 | D:1      | Peloso the Minotaur Fighter began the quest for the Orb.
     0 | D:1      | Reached XP level 1. HP: 19/19 MP: 0/0
   152 | D:1      | Reached XP level 2. HP: 18/27 MP: 1/1
   490 | D:1      | Reached XP level 3. HP: 27/33 MP: 2/2
  1244 | D:2      | Found a runed translucent door.
  1245 | D:2      | Noticed Crazy Yiuf
  1358 | D:2      | Slain by Crazy Yiuf

Illustrated notes

Levels and vault maps discovered:
D:1:      dpeg_arrival_rooms_with_view, layout_basic, serial_park_tiny_2,
          minmay_statues_item, minmay_split_cup_large
D:2:      layout_rooms, uniq_crazy_yiuf_cottage

Skill      XL: |  1  2  3 |
---------------+----------+-----
Shields        | 4 |  4.2
Armour         | 4 |  4.1
Long Blades    | 3 |  3.4
Fighting       | 4 |  4.0
Dodging        | |  0.4

Action                   || total
-------------------------++-------
Melee: Long sword        ||   117
       Headbutt          ||    13
Armor: Scale mail        ||    83
       Chain mail        ||     2
Dodge: Dodged            ||    43
Block: Kite shield       ||    80
       Rpst.: Long sword ||     8

Table legend: (Time is in decaauts)
 A = Elapsed time spent in this place.
 B = Non-inter-level travel time spent in this place.
 C = Inter-level travel time spent in this place.
 D = Time resting spent in this place.
 E = Time spent auto-exploring this place.
 F = Levels seen in this place.
 G = Mean time per level.
                   A        B        C        D        E       F      G
               +--------+--------+--------+--------+--------+-----+--------+
         Total |   1397 |   1379 |     18 |      0 |   1017 |   2 |  698.5 |
       Dungeon |   1397 |   1379 |     18 |      0 |   1017 |   2 |  698.5 |
               +--------+--------+--------+--------+--------+-----+--------+

Top non-repeatable levels by time:
     D:1: 755 daAuts
     D:2: 642 daAuts
